 Dungeon Crawl Stone Soup version 0.21-a0-584-g185da8e (webtiles) character file.

4 Gorglomux the Caller (level 1, -2/13 HPs)
             Began as a Formicid Summoner on Dec 20, 2017.
             Slain by a gnoll
             ... wielding a +0 flail
              (15 damage)
             ... on level 1 of the Dungeon.
             The game lasted 00:01:06 (575 turns).

Gorglomux the Caller (Formicid Summoner)             Turns: 575, Time: 00:01:06

Health: -2/13      AC:  2    Str: 12    XL:     1   Next: 77%
Magic:  1/3        EV: 12    Int: 14    God:
Gold:   18         SH:  0    Dex: 11    Spells: 3/4 levels left

rFire    . . .     SeeInvis +   (no weapon)
rCold    . . .     Gourm    .   (no shield)
rNeg     . . .     Faith    .   a - +0 robe
rPois    .         Spirit   .   (helmet unavailable)
rElec    .         Reflect  .   (no cloak)
rCorr    .         Harm     .   (no gloves)
MR       .....                  (no boots)
Stlth    ++........             (no amulet)
HPRegen  0.04/turn              (no ring)
MPRegen  0.08/turn              (no ring)

@: no status effects
A: permanent stasis, dig shafts and tunnels, four strong arms, antennae 3
a: Dig, Shaft Self


You were on level 1 of the Dungeon.
You were not hungry.

You visited 1 branch of the dungeon, and saw 1 of its levels.

You collected 18 gold pieces.

Inventory:

Armour
 a - a +0 robe (worn)
Potions
 e - a potion of brilliance {unknown}
 f - a potion of curing {unknown}
 g - a potion of mutation {unknown}
Books
 b - a book of Callings

   Spells                             Type                      Level
   a - Summon Small Mammal            Summoning                    1
   b - Call Imp                       Summoning                    2
   c - Call Canine Familiar           Summoning                    3
   d - Summon Guardian Golem          Hexes/Summoning              3
   e - Summon Lightning Spire         Summoning/Air                4
   f - Summon Ice Beast               Ice/Summoning                4
Comestibles
 c - 2 rations
 d - a chunk of flesh


   Skills:
 - Level 1.7 Dodging
 - Level 2.4 Stealth
 + Level 2.4 Spellcasting
 + Level 4.1 Summonings


You had 3 spell levels left.
You knew the following spells:

 Your Spells              Type           Power        Failure   Level  Hunger
a - Summon Small Mammal   Summ           ##..         4%          1    #......


Dungeon Overview and Level Annotations

Branches:
Dungeon (1/15)

Altars:


Innate Abilities, Weirdness & Mutations

You cannot be hasted, slowed, berserked, paralysed or teleported.
You can dig through walls and to a lower floor.
Your four strong arms can wield two-handed weapons with a shield.
You have a pair of large antennae on your head. (SInv)


Message History

Confirm with ! or Butt, or press ? or * to list all spells!
You don't have enough magic to cast that spell!
Some of the chunks of flesh in butt's inventory have rotted away!
Found a short sword!
Casting: Summon Small Butt
Confirm with ! or Enter, or press ? or * to list all spells!
Casting: Summon Small Mammal
Confirm with ! or Enter, or press ? or * to list all spells!
You squash the gnoll but do no damage!
The gnoll is severely wounded!
The gnoll misses you!
Your rat bites the gnoll but does no damage!
You closely miss the gnoll!
The gnoll is severely wounded!
Your rat bites the gnoll!
You barely miss the gnoll!
The gnoll is severely wounded!
The gnoll hits you with a flail!!!
DANG rip

##########
###+##############........###
.............................
..........#(@................
...........#g###.#............
.......#####.#r###.#............
........####...r....#............
................###.#....#.#.....
......#.###.....###.#............
......#.###.............##.#..##.
......>...............r..........
................#........##.####.


You could see a gnoll and 2 friendly rats.

Vanquished Creatures
  2 jackals (D:1)
2 creatures vanquished.

Vanquished Creatures (collateral kills)
  A bat (D:1)
  A hobgoblin (D:1)
  A kobold (D:1)
  A frilled lizard (D:1)
  A rat (D:1)
5 creatures vanquished.

Grand Total: 7 creatures vanquished

Notes
Turn   | Place    | Note
-------+----------+-------------------------------------------
     0 | D:1      | Gorglomux the Formicid Summoner began the quest for the Orb.
     0 | D:1      | Reached XP level 1. HP: 13/13 MP: 3/3
   575 | D:1      | Slain by a gnoll

Vault maps used:
D:1:      erik_arrival_triangle_medium

Action                   || total
-------------------------++-------
Melee: Unarmed           ||    19
 Cast: Summon Small Mamm ||    21
Armor: Robe              ||     5
Dodge: Dodged            ||    15

Table legend:
 A = Spawn XP
 B = Non-spawn XP
 C = Spawn XP percentage of total XP
 D = Spawn monster count
 E = Non-spawn monster count
 F = Spawn count percentage of total count
 G = Total turns spent on level
                    A         B        C        D         E        F      G
               +---------+---------+-------+---------+---------+-------+---------
         Total |       0 |       7 |   0.0 |       0 |       7 |   0.0 |   575
               +---------+---------+-------+---------+---------+-------+---------
           D:1 |       0 |       7 |   0.0 |       0 |       7 |   0.0 |   575
               +---------+---------+-------+---------+---------+-------+---------
